Map: Neon Violet Square LE

Players

Namshar

  • Race: Zerg Zerg
  • League: Grandmaster
  • Spawn Location: 11:00

HeroMarine - Winner!

  • Race: Terran Terran
  • League: Master
  • Spawn Location: 5:00

Event: HomeStory Cup XVI

VOD

Have the link to the VOD?

Description

Time

  • Played on: Nov. 10, 2017, 5:34 p.m.
  • Length: 10:56

All games in this series

Show
View Real Time Build Order
Export as new Build Order

Namshar Zerg 

Build Orders: Hatch First 

Get SALT Encoding   

  12  0:00  Drone  
  13  0:13  Overlord  
  13  0:17  Drone  
  14  0:31  Drone x2  
  14  0:34  Drone  
  17  0:52  Hatchery  
  17  0:56  Drone  
  17  0:59  Drone  
  18  1:10  Extractor  
  17  1:15  Spawning Pool  
  17  1:17  Drone  
  17  1:20  Drone  
  18  1:28  Drone  
  19  1:40  Overlord  
  19  1:49  Drone  
  20  2:01  Queen  
  20  2:02  Zergling x2  
  20  2:04  Queen, Zergling x2  
  26  2:09  Metabolic Boost  
  26  2:11  Drone  
  26  2:15  Drone  
  29  2:22  Drone  
  29  2:26  Drone  
  30  2:34  Overlord  
  30  2:37  Queen  
  30  2:39  Drone  
  30  2:43  Drone  
  34  2:46  Pneumatized Carapace  
  34  2:50  Drone  
  35  2:55  Overlord  
  35  2:59  Drone  
  35  3:04  Drone  
  37  3:11  Hatchery  
  36  3:13  Drone  
  36  3:14  Drone  
  36  3:16  Drone  
  36  3:18  Drone  
  40  3:21  Drone  
  40  3:26  Drone x2  
  43  3:29  Overlord  
  43  3:34  Drone x2  
  45  3:43  Queen  
  45  3:45  Spine Crawler  
  46  3:49  Baneling Nest  
  46  3:52  Queen  
  47  3:59  Zergling x10  
  52  4:07  Overlord  
  52  4:08  Overlord  
  52  4:19  Queen  
  53  4:28  Drone  
  53  4:29  Drone x5  
  59  4:33  Baneling x5  
  59  4:35  Drone x4  
  59  4:36  Drone x2  
  65  4:44  Drone x2  
  67  4:48  Spore Crawler  
  67  4:49  Spore Crawler x2, Drone x2  
  66  4:56  Queen  
  66  4:57  Drone x2  
  70  5:00  Baneling x3  
  68  5:14  Drone x10  
  70  5:16  Extractor  
  70  5:17  Extractor  
  76  5:26  Drone  
  77  5:28  Extractor  
  77  5:29  Drone x6  
  77  5:30  Extractor x2  
  77  5:32  Lair  
  80  5:37  Evolution Chamber  
  80  5:38  Evolution Chamber  
  80  5:39  Hatchery  
  77  5:44  Drone  
  77  5:45  Drone x4  
  81  5:57  Drone  
  81  6:00  Overlord x3  
  81  6:01  Overlord  
  82  6:07  Zerg Ground Armor Level 1, Zerg Melee Weapons Level 1  
  82  6:11  Overlord  
  82  6:16  Baneling x2  
  82  6:21  Drone x4  
  86  6:26  Hatchery  
  85  6:40  Overlord x2  
  85  6:41  Centrifical Hooks  
  85  6:44  Infestation Pit  
  85  6:45  Zergling x22  
  85  6:46  Zergling x6  
  96  6:50  Drone x3  
  96  6:58  Overlord, Overseer  
  96  7:01  Queen  
  98  7:03  Drone  
  98  7:04  Drone x4  
  98  7:07  Drone  
  104  7:14  Spore Crawler  
  103  7:17  Overlord x2  
  103  7:19  Drone  
  100  7:32  Drone x3  
  100  7:33  Zergling x16  
  111  7:42  Zergling x10  
  99  7:48  Zergling x2  
  99  7:49  Zergling x12  
  88  7:53  Zergling x8  
  88  7:58  Queen  
  88  8:02  Drone x3  
  88  8:03  Drone x2  
  93  8:07  Zergling x4  
  93  8:12  Zerg Melee Weapons Level 2, Zerg Ground Armor Level 2  
  94  8:16  Hive  
  94  8:17  Baneling x3  
  94  8:20  Zergling x4  
  93  8:33  Drone  
  93  8:34  Drone x2  
  95  8:40  Drone x4  
  99  8:41  Zergling x2  
  99  8:42  Zergling x14  
  103  8:52  Hatchery  
  103  8:54  Zergling x22  
  111  8:56  Baneling x2  
  111  8:57  Baneling x3  
  111  9:07  Pathogen Glands  
  111  9:08  Burrow  
  110  9:15  Zergling x4  
  110  9:16  Zergling x24  
  123  9:20  Zergling x8  
  126  9:35  Zergling x14  
  126  9:36  Zergling x2  
  126  9:43  Zergling x12  
  117  9:51  Baneling  
  117  9:52  Baneling x4  
  111  9:58  Zergling x2  
  111  9:59  Zergling x18  
  116  10:03  Zergling x2  
  116  10:04  Zergling x6  
  107  10:13  Zergling x2  
  107  10:14  Zergling x8  
  76  10:28  Ultralisk Cavern  
  76  10:35  Zergling x24  
Show
View Real Time Build Order
Export as new Build Order

HeroMarine Terran - Winner!

Build Orders: MMM Bio 

Get SALT Encoding   

  12  0:00  SCV  
  13  0:13  SCV  
  14  0:18  Supply Depot  
  14  0:25  SCV  
  15  0:40  SCV  
  15  0:41  Barracks  
  16  0:46  Refinery  
  16  0:52  SCV  
  17  1:04  SCV  
  18  1:16  SCV  
  19  1:29  Orbital Command  
  19  1:30  Marine  
  20  1:41  Command Center  
  20  1:47  Marine  
  21  1:56  Factory  
  21  1:59  SCV  
  22  2:07  Supply Depot  
  22  2:09  Barracks Reactor  
  22  2:12  SCV  
  23  2:16  Refinery  
  23  2:28  SCV  
  24  2:41  SCV  
  24  2:42  Starport  
  25  2:45  Marine x2  
  25  2:46  Widow Mine  
  29  2:53  Orbital Command, SCV  
  30  3:03  Marine x2  
  30  3:05  SCV  
  33  3:17  SCV  
  33  3:19  Medivac  
  36  3:21  SCV  
  37  3:27  Hellion x2  
  37  3:33  SCV x2  
  43  3:35  Supply Depot, Barracks Tech Lab  
  43  3:40  Armory  
  43  3:45  SCV x2  
  45  3:57  Hellion x2  
  45  3:59  Supply Depot  
  45  4:00  SCV x2  
  51  4:06  Cloaking Field  
  51  4:10  Banshee  
  54  4:20  SCV x2  
  54  4:22  Supply Depot  
  56  4:29  Barracks Tech Lab  
  56  4:32  SCV x2  
  56  4:37  Command Center  
  58  4:44  SCV x2  
  60  4:48  Stimpack, Marine  
  61  4:53  Banshee  
  61  4:56  SCV x2  
  56  5:08  SCV x2  
  56  5:10  Marine  
  56  5:13  Barracks x2  
  59  5:15  Engineering Bay x2  
  59  5:16  Factory Reactor  
  59  5:18  Refinery  
  59  5:20  Refinery  
  59  5:22  SCV x2  
  61  5:28  Marine  
  61  5:34  SCV x2  
  64  5:45  Terran Infantry Weapons Level 1, Starport Reactor, Terran Infantry Armor Level 1  
  64  5:46  SCV, Marine  
  64  5:47  SCV  
  64  5:49  Orbital Command  
  67  5:59  SCV x2  
  67  6:03  Marine x2  
  71  6:04  Marine  
  71  6:08  Orbital Command, Barracks, Marine x2  
  71  6:11  Barracks  
  74  6:12  SCV  
  74  6:13  SCV  
  76  6:21  Marine x2  
  76  6:22  Marine  
  76  6:25  Medivac x2, SCV x2  
  85  6:30  Marine x2  
  85  6:31  Supply Depot x2  
  87  6:37  SCV x2  
  87  6:39  Marine x2  
  91  6:40  SCV, Marine  
  93  6:52  Marine x2  
  93  6:53  SCV x2  
  97  6:55  SCV  
  97  6:57  Supply Depot, Barracks Reactor x2  
  97  6:58  Supply Depot  
  97  6:59  Marine  
  97  7:00  Medivac, Marine x2  
  97  7:01  Medivac  
  105  7:05  SCV x2  
  105  7:07  SCV  
  108  7:11  Barracks  
  108  7:12  Barracks x2, Marine  
  109  7:19  Supply Depot, SCV x2, Marine  
  109  7:20  Supply Depot  
  112  7:23  Marine  
  112  7:24  Marine  
  112  7:27  Marine  
  112  7:29  Marine  
  110  7:33  SCV x2  
  110  7:36  Marine  
  111  7:41  Marine x2  
  111  7:42  Terran Infantry Weapons Level 2, Terran Infantry Armor Level 2  
  111  7:43  SCV  
  112  7:45  SCV  
  112  7:47  SCV  
  112  7:48  Marine  
  108  7:52  Marine x2  
  108  7:54  Marine x2  
  108  7:55  Medivac x2  
  108  7:57  Marauder  
  109  7:59  Barracks Tech Lab x2  
  109  8:00  Barracks Tech Lab  
  109  8:01  Supply Depot, Marine  
  109  8:02  Marine  
  109  8:10  Marine x4  
  109  8:11  Marine  
  109  8:12  Marine  
  114  8:13  Combat Shields  
  114  8:17  Missile Turret  
  114  8:18  Marauder  
  114  8:19  Marauder x2, Concussive Shells, Marine x2  
  122  8:32  Marauder, Marine x3  
  122  8:33  Marine x3  
  126  8:35  Medivac x2, Siege Tank  
  126  8:37  Marine x2  
  126  8:40  Marauder x3  
  141  8:41  Supply Depot  
  131  8:50  Marine x3  
  131  8:51  Marine  
  131  8:53  Marauder  
  131  8:54  Marine x2  
  131  8:55  Marine x2  
  141  8:58  Supply Depot  
  141  8:59  Supply Depot x2  
  141  9:01  Marauder  
  141  9:02  Marauder x2  
  147  9:08  Marine x2  
  147  9:09  Marine x2  
  150  9:11  Marine  
  150  9:14  Marine x2  
  150  9:15  Supply Depot, Marauder  
  156  9:19  Medivac x2  
  156  9:20  Siege Tank  
  156  9:22  Supply Depot, Marauder  
  156  9:23  Supply Depot  
  167  9:24  Marauder, Marine x2  
  161  9:40  Marauder  
  161  9:44  Marauder  
  153  9:46  Marauder x2, Marine  
  153  9:47  Marine x5  
  153  9:49  Medivac  
  165  9:59  Marine x2  
  163  10:01  Marauder  
  163  10:04  Marine x2  
  163  10:05  Marine x4  
  163  10:06  Marauder  
  169  10:07  Marine  
  169  10:08  Marauder  
  169  10:17  Marine x2  
  171  10:22  Marine x3  
  171  10:23  Marine x4  
  171  10:25  Marauder  
  171  10:27  Marauder  
  177  10:28  Marine  
  177  10:35  Marine x2  
Tags
 
Add a new tag
Caveats
  • Supply blocks, unpowered buildings, or Contaminate may cause inaccurate times.
  • Supply counts are checked every 10 seconds.